 Dungeon Crawl Stone Soup version 0.31-a0-14-gc80a10f4b6 (webtiles) character file.

Game seed: 5683600008128430125

3269 bande the Cleaver (level 10, -8/60 HPs)
             Began as a Gargoyle Fighter on May 7, 2023.
             Was a Priest of Okawaru.
             Mangled by a white ugly thing (33 damage)
             ... on level 7 of the Dungeon.
             The game lasted 00:13:00 (6371 turns).

bande the Cleaver (Gargoyle Fighter)                Turns: 6371, Time: 00:13:00

Health: -8/60      AC: 20    Str: 19    XL:     10   Next: 0%
Magic:  12/12      EV:  7    Int: 10    God:    Okawaru [***...]
Gold:   1208       SH:  5    Dex: 13    Spells: 9/9 levels left

rFire   + . .        j - +6 broad axe of Satyriasis {venom, rF+}
rCold   . . .        c - +0 buckler
rNeg    + + .        y - +0 chain mail
rPois   ∞            s - +0 helmet
rElec   +            n - scarf {repulsion}
rCorr   .            (no gloves)
SInv    .            e - +0 pair of boots
Will    .....        u - amulet of faith Stlth
                     z - ring of positive energy
HPRegen 0.30/turn    (no ring)
MPRegen 0.13/turn

%: repel missiles, faith
@: no status effects
A: sickness immunity, AC +7, negative energy resistance 1, electricity
resistance, torment resistance 1, petrification resistance
a: Renounce Religion, Heroism


You were on level 7 of the Dungeon.
You worshipped Okawaru.
Okawaru was most pleased with you.
You visited 2 branches of the dungeon, and saw 8 of its levels.

You collected 1377 gold pieces.
You spent 169 gold pieces at shops.

Inventory:

Hand Weapons
 a - a +1 war axe of freezing
 j - the +6 broad axe of Satyriasis (weapon) {venom, rF+}
   (You acquired it on level 2 of the Dungeon)

   rF:        It protects you from fire.
 x - a +1 heavy flail
Armour
 c - a +0 buckler (worn)
 e - a +0 pair of boots (worn)
 n - a scarf of repulsion (worn)
 o - a +2 cloak
 s - a +0 helmet (worn)
 y - a +0 chain mail (worn)
Jewellery
 i - a ring of ice
 q - a ring of fire
 u - an amulet of faith (around neck)
 v - an amulet of reflection
 z - a ring of positive energy (left hand)
Wands
 m - a wand of quicksilver (8)
 w - a wand of flame (25)
Scrolls
 h - a scroll of identify
 k - a scroll of magic mapping
 r - 4 scrolls of teleportation
 A - a scroll of enchant weapon
Potions
 b - a potion of mutation
 d - 5 potions of might
 f - 3 potions of resistance
 g - 6 potions of curing
 l - a potion of brilliance {unknown}
 p - a potion of haste {unknown}
 t - 3 potions of heal wounds


   Skills:
 + Level 6.3 Fighting
 + Level 8.6 Axes
 + Level 6.7 Armour
 + Level 4.6 Shields
 * Level 3.7 Invocations
 * Level 4.7 Evocations


You had 9 spell levels left.
You didn't know any spells.
Your spell library contained the following spells:

 Spells                   Type           Power      Damage    Failure   Level
 Beastly Appendage        Tmut           0%         N/A       98%         1
 Scorch                   Fire           0%         2d5       99%         2
 Wereblood                Tmut           0%         N/A       99%         2
 Dazzling Flash           Conj/Hex       0%         N/A       100%        3
 Spider Form              Tmut/Pois      0%         N/A       100%        3
 Stone Arrow              Conj/Erth      0%         3d7       100%        3
 Flame Wave               Conj/Fire      0%         2d4       100%        4
 Agony                    Necr           0%         N/A       100%        5
 Silence                  Hex/Air        0%         N/A       100%        5
 Lehudib's Crystal Spear  Conj/Erth      0%         10d2      100%        8
 Animate Armour           Summ/Erth      Unusable   N/A       N/A         4
 Summon Cactus Giant      Summ           Unusable   N/A       N/A         6

Dungeon Overview and Level Annotations

Branches:
Dungeon (7/15)             Temple (1/1) D:6

Altars:
Ashenzari
Cheibriados
Dithmenos
Elyvilon
Fedhas
Makhleb
Okawaru
Sif Muna
Trog
Uskayaw
Wu Jian
Xom
Yredelemnul
The Shining One
Lugonu

Shops:
D:4 !

Annotations:
D:3 1 runed translucent door, pokeman's ghost, amateur DEHW


Innate Abilities, Weirdness & Mutations

You are immune to sickness and miasma.
Your stone body is resilient. (AC +7)
You are immune to poison.
You resist negative energy. (rN+)
You are resistant to electric shocks. (rElec)
You are resistant to unholy torment.
You are immune to petrification.


Message History

Things that are here:
a +0 dagger; a +0 robe; a +0 club Something hits you but does no damage. x2; The centaur shoots an arrow.
You see here 7 gold pieces.
The centaur shoots an arrow.
The arrow hits you but does no damage. Something hits you but does no damage.
The centaur shoots an arrow.
The arrow barely misses you.
You slice something!! Okawaru is honoured by your kill.
Okawaru will now gift you throwing weapons as you gain piety.
Reactivating autopickup.
You feel a bit more experienced.
The centaur shoots an arrow.
The arrow hits you but does no damage.
You hit the centaur.
The centaur is poisoned.
The centaur is lightly wounded.
The centaur unwields a +0 shortbow.
The centaur hits you but does no damage.
The centaur kicks you but does no damage.
You slash the centaur!
The centaur is almost dead.
You block the centaur's attack.
The centaur kicks you but does no damage.
You block the centaur's attack.
The centaur kicks you but does no damage.
You hit the centaur.
You kill the centaur!
Okawaru accepts your kill. The white ugly thing kicks you!
The white ugly thing freezes you!!
* * * LOW HITPOINT WARNING * * *
You have reached level 10!
You feel much better.
The white ugly thing completely misses you.
You slash the white ugly thing!
The white ugly thing is poisoned.
The white ugly thing is lightly wounded.
The white ugly thing barely misses you.
You completely miss the white ugly thing.
The white ugly thing is lightly wounded.
The white ugly thing kicks you. The white ugly thing freezes you!!
Ouch! That really hurt!
You die...

#........!#.....#...W.####.#
##........#.#.#u#.))cu#.#.u#
##.......')...u+.).9.'.#.##
#######.##.#.##.}[}.#.W#..
#.#.....#.....####..
###.###'#####'# +##
#.#.#$#.#.#... .#
#...#.#.#.#)#...#
#######...+@u#..'.....'
#.........#.#.#.#...#.#
######....#.#.#$# (...#
#......###'#####+#####+##
#.#.......c..............
###.#..............<.......
#........#####........#####
####...### #......#......
#..#..# #.......#.....


You could see a white ugly thing (very poisoned).

Vanquished Creatures
  An unseen horror (D:7)
  A hornet (D:7)
  A troll (D:6)
  Sigmund (D:6)
  Edmund (D:5)
  2 steam dragons (D:7)
  2 orc warriors (D:7)
  A black bear (D:7)
  2 ice beasts
  A centaur (D:7)
  2 phantoms (D:5)
  2 bullfrogs
  3 scorpions (D:5)
  4 wights (D:6)
  2 howler monkeys
  3 hounds
  A jelly (D:4)
  4 orc priests
  Crazy Yiuf (D:3)
  3 iguanas
  2 sleepcaps
  Natasha (thrice) (D:4)
  2 orc wizards
  Robin (D:4)
  10 adders
  5 gnolls
  2 white imps (D:6)
  2 ufetubi (D:5)
  5 dart slugs
  2 worms (D:3)
  19 orcs
  11 ball pythons
  8 endoplasms
  4 giant cockroaches
  14 goblins
  11 hobgoblins
  10 kobolds
  5 quokkas
  5 bats
  7 frilled lizards
  7 rats
173 creatures vanquished.

Vanquished Creatures (others)
  5 fungi (D:3)
  3 plants (D:3)
8 creatures vanquished.

Grand Total: 181 creatures vanquished

Notes
Turn   | Place    | Note
-------+----------+-------------------------------------------
     0 | D:1      | bande the Gargoyle Fighter began the quest for the Orb.
     0 | D:1      | Reached XP level 1. HP: 14/14 MP: 1/1
     2 | D:1      | Noticed a naga
     2 | D:1      | Noticed a formicid
     4 | D:1      | Noticed an armataur
     4 | D:1      | Noticed a draconian
     6 | D:1      | Noticed a spriggan
     6 | D:1      | Noticed an elf
     8 | D:1      | Noticed a merfolk
     8 | D:1      | Noticed a demonspawn
    10 | D:1      | Noticed a ghoul
    12 | D:1      | Noticed a minotaur
    12 | D:1      | Noticed a troll
    14 | D:1      | Noticed a vine stalker
    14 | D:1      | Noticed a gargoyle
    16 | D:1      | Noticed an ogre
    18 | D:1      | Noticed an octopode
    18 | D:1      | Noticed a tengu
    20 | D:1      | Noticed a vampire
    20 | D:1      | Noticed a meteoran
    22 | D:1      | Noticed a human
    24 | D:1      | Noticed a naga
    24 | D:1      | Noticed a felid
    27 | D:1      | Noticed a vine stalker
    27 | D:1      | Noticed a spriggan
   199 | D:1      | Reached XP level 2. HP: 19/19 MP: 2/2
   361 | D:1      | Reached XP level 3. HP: 19/24 MP: 3/3
   365 | D:1      | Reached skill level 2 in Axes
  1094 | D:2      | Reached XP level 4. HP: 29/29 MP: 4/4
  1160 | D:2      | Identified a scroll of acquirement
  1160 | D:2      | Acquired the +6 broad axe of Satyriasis {venom, rF+}
  2030 | D:3      | Found a white marble altar of Elyvilon.
  2080 | D:3      | Found a blossoming altar of Fedhas.
  2083 | D:3      | Found a runed translucent door.
  2084 | D:3      | Noticed a bullfrog
  2142 | D:3      | Reached XP level 5. HP: 33/33 MP: 5/5
  2162 | D:3      | Found an ornate altar of the Wu Jian Council.
  2167 | D:3      | Acquired 1010 gold pieces
  2193 | D:2      | Reached skill level 3 in Axes
  2495 | D:3      | Noticed pokeman's ghost (amateur DEHW)
  2692 | D:3      | Found a runed translucent door.
  2693 | D:3      | Noticed Crazy Yiuf
  2698 | D:3      | Killed Crazy Yiuf
  2880 | D:4      | Reached XP level 6. HP: 36/38 MP: 6/6
  2882 | D:4      | Identified the staff of cold "Kezaczoo" {Fly rC+ rCorr}
  2937 | D:4      | Reached skill level 4 in Axes
  3011 | D:4      | Noticed Robin
  3017 | D:4      | Reached skill level 1 in Evocations
  3030 | D:4      | Killed Robin
  3089 | D:4      | Found a bloodstained altar of Trog.
  3107 | D:4      | Noticed Natasha
  3114 | D:4      | Killed Natasha
  3317 | D:4      | Found Jyti's Distillery.
  3320 | D:4      | Bought a potion of heal wounds for 65 gold pieces
  3320 | D:4      | Bought a potion of might for 52 gold pieces
  3320 | D:4      | Bought a potion of might for 52 gold pieces
  3366 | D:4      | Noticed Natasha
  3374 | D:4      | Killed Natasha
  3375 | D:4      | Reached XP level 7. HP: 44/44 MP: 7/7
  3476 | D:4      | Found a shimmering blue altar of Sif Muna.
  3640 | D:4      | Noticed Natasha
  3651 | D:4      | Killed Natasha
  3690 | D:5      | Entered Level 5 of the Dungeon
  3765 | D:5      | Reached skill level 5 in Axes
  3810 | D:5      | Reached skill level 5 in Armour
  4030 | D:5      | Reached skill level 5 in Fighting
  4030 | D:5      | Reached XP level 8. HP: 49/49 MP: 8/8
  4049 | D:5      | Reached skill level 6 in Axes
  4121 | D:5      | Noticed Edmund
  4126 | D:5      | Killed Edmund
  4699 | D:6      | Found a staircase to the Ecumenical Temple.
  4734 | Temple   | Entered the Ecumenical Temple
  4747 | Temple   | Became a worshipper of Warmaster Okawaru
  4811 | D:6      | Reached skill level 1 in Invocations
  4818 | D:6      | Reached skill level 7 in Axes
  4900 | D:6      | Found a hide-covered altar of Uskayaw.
  5114 | D:6      | Noticed a troll
  5117 | D:6      | Noticed Sigmund
  5121 | D:6      | Killed a troll
  5121 | D:6      | Reached * piety under Okawaru
  5122 | D:6      | Reached XP level 9. HP: 30/54 MP: 10/10
  5128 | D:6      | Killed Sigmund
  5849 | D:7      | Reached ** piety under Okawaru
  5870 | D:7      | Noticed a hornet
  5879 | D:7      | Reached skill level 8 in Axes
  5880 | D:7      | Killed a hornet
  6011 | D:7      | Found a snail-covered altar of Cheibriados.
  6311 | D:7      | Noticed a white ugly thing
  6311 | D:7      | Noticed a gargoyle
  6311 | D:7      | Noticed a red ugly thing
  6364 | D:7      | Killed an unseen horror
  6364 | D:7      | Reached *** piety under Okawaru
  6369 | D:7      | Reached XP level 10. HP: 10/60 MP: 12/12
  6371 | D:7      | Mangled by a white ugly thing

Illustrated notes

Levels and vault maps discovered:
D:1:      kb_arrival_jail, layout_loops_ring, minmay_pentomino_s4
D:2:      layout_basic, eino_tiny_chamber, kennysheep_path_1, nrook_mini_vaults
D:3:      layout_rooms, fedhas_altar_3, nicolae_wu_jian_wuxing_cycle,
          lemuel_round_altar, ebering_ghost_sewer_d, uniq_crazy_yiuf_cottage
D:4:      minmay_recursive_quarters, layout_basic, lemuel_blue_sif_altar,
          bloody_trog, serial_shops, nicolae_shop_behind_doors, uniq_robin,
          uniq_natasha
D:5:      layout_loops_ring, uniq_edmund
D:6:      layout_loops_cross, kennysheep_little_box,
          minmay_temple_entry_stoned_glass, uniq_sigmund
D:7:      minmay_the_grid_square_5x5_3x3 [minmay_the_grid_square_5x5_two,
          minmay_the_grid_square_5x5_checkered_sparse,
          minmay_the_grid_square_5x5_comb, minmay_the_grid_square_5x5_minimal,
          minmay_the_grid_square_5x5_megaprize_open,
          minmay_the_grid_square_5x5_two_walls_a,
          minmay_the_grid_square_5x5_n_small,
          minmay_the_grid_square_5x5_tetrominoes,
          minmay_the_grid_square_5x5_checkered_statues], layout_rooms,
          nicolae_qazlal_general_emergency, cheibriados_altar_1, serial_glass,
          glass_columns_a, glass_columns_c
Temple:   corrupted_temple

Skill      XL: |  1  2  3  4  5  6  7  8  9 |
---------------+----------------------------+-----
Axes           | 2 3 4 5 7 8 |  8.6
Armour         | 4 5 6 |  6.7
Fighting       | 4 5 6 |  6.3
Evocations     | 1 2 3 4 |  4.7
Shields        | 4 |  4.6
Invocations    | 1 3 |  3.7

Action                     |  1- 3 |  4- 6 |  7- 9 | 10-12 || total
---------------------------+-------+-------+-------+-------++-------
  Melee: War axe           |    82 |    14 |       |       ||    96
         Broad axe         |       |   116 |   168 |     2 ||   286
    Use: Scroll            |     3 |    11 |     5 |       ||    19
         Potion            |       |       |       |     1 ||     1
 Armour: Scale mail        |    58 |    72 |    38 |       ||   168
         Chain mail        |       |       |    78 |       ||    78
  Dodge: Dodged            |    42 |    83 |    61 |     2 ||   188
         Repelled          |       |     4 |     2 |       ||     6
  Block: Buckler           |    18 |    30 |    40 |       ||    88

Table legend: (Time is in decaauts)
 A = Elapsed time spent in this place.
 B = Non-inter-level travel time spent in this place.
 C = Inter-level travel time spent in this place.
 D = Time resting spent in this place.
 E = Time spent auto-exploring this place.
 F = Levels seen in this place.
 G = Mean time per level.
                   A        B        C        D        E       F      G
               +--------+--------+--------+--------+--------+-----+--------+
         Total |   6534 |   6313 |    221 |   1019 |   3883 |   8 |  816.8 |
       Dungeon |   6493 |   6272 |    221 |   1019 |   3878 |   7 |  927.6 |
        Temple |     41 |     41 |      0 |      0 |      5 |   1 |   41.0 |
               +--------+--------+--------+--------+--------+-----+--------+

Top non-repeatable levels by time:
     D:2: 1248 daAuts
     D:4: 1012 daAuts
     D:6: 986 daAuts
     D:5: 978 daAuts
     D:1: 961 daAuts
     D:7: 720 daAuts
     D:3: 585 daAuts
  Temple: 41 daAuts
